 Dungeon Crawl Stone Soup version 0.25-a0-561-g0977b4d109 (webtiles) character file.

Game seed: 8511337209838998910, levelgen mode: deterministic

332 Flugslaktarn the Chopper (level 6, -13/57 HPs)
             Began as a Deep Dwarf Fighter on Feb 26, 2020.
             Mangled by an ogre
             ... wielding a +0 giant club
              (16 damage)
             ... on level 4 of the Dungeon.
             The game lasted 00:00:47 (885 turns).

Flugslaktarn the Chopper (Deep Dwarf Fighter)        Turns: 885, Time: 00:00:48

Health: -13/57     AC:  7    Str: 22    XL:     6   Next: 26%
Magic:  4/4        EV:  7    Int:  8    God:
Gold:   66         SH: 10    Dex: 12    Spells: 5/5 levels left

rFire    . . .     SeeInvis .   a - +0 war axe
rCold    . . .     Gourm    .   c - +0 kite shield
rNeg     . . .     Faith    .   b - +0 scale mail
rPois    .         Spirit   .   (no helmet)
rElec    .         Reflect  .   (no cloak)
rCorr    .         Harm     .   (no gloves)
MR       .....                  (no boots)
Stlth    ..........             (no amulet)
HPRegen  0.00/turn              (no ring)
MPRegen  0.09/turn              (no ring)

@: non-regenerating
A: damage resistance, heal wounds, sense surroundings 1, no regeneration
a: Heal Wounds


You were on level 4 of the Dungeon.
You were hungry.

You visited 2 branches of the dungeon, and saw 5 of its levels.

You collected 66 gold pieces.

Inventory:

Hand Weapons
 a - a +0 war axe (weapon)
Armour
 b - a +0 scale mail (worn)
 c - a +0 kite shield (worn)
Wands
 j - a wand of iceblast (10)
   (You found it on level 4 of the Dungeon)
 k - a wand of clouds (5)
   (You found it on level 4 of the Dungeon)
Scrolls
 g - a scroll of immolation {unknown}
 h - a scroll of identify {unknown}
 l - a scroll of fear {unknown}
 p - a scroll of remove curse {unknown}
Potions
 d - a potion of might
 i - a potion of curing {unknown}
 m - 2 potions of heal wounds {unknown}
 n - a potion of haste {unknown}
 o - a potion of berserk rage {unknown}
Comestibles
 e - 2 rations
 f - 8 chunks of flesh


   Skills:
 + Level 3.7 Fighting
 * Level 4.9 Axes
 + Level 4.5 Armour
 + Level 4.5 Shields


You had 5 spell levels left.
You didn't know any spells.
Your spell library was empty.

Dungeon Overview and Level Annotations

Branches:
Dungeon (4/15)             Temple (1/1) D:4

Altars:
Ashenzari
Cheibriados
Dithmenos
Fedhas
Hepliaklqana
Nemelex Xobeh
Ru
Uskayaw
Xom
Zin


Innate Abilities, Weirdness & Mutations

You are resistant to damage.
You can heal yourself by infusing magical energy.
You passively map a small area around you.
You do not regenerate.


Message History

The ogre is heavily wounded.
The ogre hits you with a +0 giant club.
You are feeling hungry.
You slash the ogre!
The ogre is almost dead.
You block the ogre's attack.
You hit the ogre.
The ogre is almost dead.
The ogre completely misses you.
Your shield and scale mail prevent you from hitting the ogre.
The ogre is almost dead.
The ogre hits you with a +0 giant club!!
* * * LOW HITPOINT WARNING * * *
You are too injured to fight recklessly!
You are too injured to fight recklessly!
You are too injured to fight recklessly!
You are too injured to fight recklessly!
You are too injured to fight recklessly!
You fail to use your ability.
The ogre hits you with a +0 giant club!
You die...

.# ###.### #.# .#
###.### #.# , *
(###.....# #.# #*
.......#.# ##.## .# #
####.###.###...####.##.#
#...###................
#.#...#..##...#........
**
#.#.#..............#...
, #.#...######..#@#### ,
* ##.##.## #...#O# * <
##.##.### #.#.... * **
.#......## #.#..... *
.#.......# #.#....?.,,
..#.#.#..# ,#.....##*
...##.#..#* .#.....# ,
.#.##.#..##........# *
##.....).......


You could see an ogre.

Vanquished Creatures
  2 centaur skeletons (D:4)
  2 gnoll shamans (D:4)
  3 worker ants (D:4)
  12 gnolls (D:4)
  2 worms
  A dart slug (D:2)
  2 leopard geckos
  2 orcs
  3 giant cockroaches
  2 goblins
  3 jackals (D:4)
  A quokka (D:2)
  A frilled lizard (D:2)
  2 kobolds (D:2)
  2 rats
40 creatures vanquished.

Notes
Turn   | Place    | Note
-------+----------+-------------------------------------------
     0 | D:1      | Flugslaktarn the Deep Dwarf Fighter began the quest for the
                  | Orb.
     0 | D:1      | Reached XP level 1. HP: 20/20 MP: 1/1
    62 | D:2      | Reached XP level 2. HP: 21/27 MP: 2/2
   205 | D:4      | Reached XP level 3. HP: 15/34 MP: 3/3
   240 | D:4      | Reached XP level 4. HP: 38/42 MP: 4/4
   393 | D:4      | Reached XP level 5. HP: 49/49 MP: 5/5
   532 | D:4      | Found a staircase to the Ecumenical Temple.
   537 | D:4      | Found a shadowy altar of Dithmenos.
   550 | Temple   | Entered the Ecumenical Temple
   746 | D:4      | Reached XP level 6. HP: 43/56 MP: 4/4
   885 | D:4      | Mangled by an ogre

Levels and vault maps discovered:
D:1:      ldierk_walled_garden_2, layout_loops_cross,
          chequers_serial_rivers_marsh
D:2:      layout_basic, nicolae_overflow_hidden_temple,
          nicolae_gozag_seed_capital, old_standard_altar
D:3:      layout_rooms, first_ration
D:4:      layout_loops_ring, kennysheep_mini_moat,
          nicolae_dithmenos_through_a_glass_darkly, temple_green,
          sigmund_edmund_badplayer
Temple:   compressed_dpeg_triangle_lava_temple

Skill      XL: |  1  2  3  4 |
---------------+-------------+-----
Fighting       | 3 |  3.7
Axes           | 3 4 |  4.9
Armour         | 4 |  4.5
Shields        | 4 |  4.5

Action                   |  1- 3 |  4- 6 || total
-------------------------+-------+-------++-------
Melee: War axe           |    59 |   124 ||   183
 Abil: Heal Wounds       |     2 |     7 ||     9
Armor: Scale mail        |    18 |    58 ||    76
Dodge: Dodged            |    19 |    60 ||    79
Block: Kite shield       |    26 |    93 ||   119

Table legend:
 A = Non-vault XP
 B = Vault XP
 C = Vault XP percentage of total XP
 D = Non-vault monster count
 E = Vault monster count
 F = Vault count percentage of total count
                 A         B        C        D         E       F
            +---------+---------+-------+---------+---------+-------
      Total |     475 |       0 |   0.0 |      40 |       0 |   0.0
            +---------+---------+-------+---------+---------+-------
        D:1 |       3 |       0 |   0.0 |       2 |       0 |   0.0
        D:2 |      20 |       0 |   0.0 |       8 |       0 |   0.0
        D:3 |       6 |       0 |   0.0 |       3 |       0 |   0.0
        D:4 |     446 |       0 |   0.0 |      27 |       0 |   0.0
            +---------+---------+-------+---------+---------+-------
